 Seeded DCSS version 0.28-a0-1555-g9ae15a6949 (webtiles) character file.

Game seed: 6289209390817847154 (custom seed)

690 innerfire433 the Grave Robber (level 7, -1/36 HPs)
             Began as a Vampire Necromancer on Jan 18, 2022.
             Was a Believer of Makhleb.
             Slain by an ogre (13 damage)
             ... on level 5 of the Dungeon.
             The game lasted 00:09:58 (4510 turns).

innerfire433 the Grave Robber (Vampire Necromancer) Turns: 4510, Time: 00:09:58

Health: -1/36      AC: 15    Str: 13    XL:     7   Next: 36%
Magic:  12/12      EV: -1    Int: 17    God:    Makhleb [**....]
Gold:   166        SH:  0    Dex: 18    Spells: 12/13 levels left

rFire   . . .      SeeInvis +   g - +7 hunting sling "Zuryem" {vorpal, Drain Str+4 Dex+3}
rCold   + + .      Faith    .   (no shield)
rNeg    + + +      Spirit   .   l - +0 crystal plate armour "Ehig" {rPois Stlth+}
rPois   ∞          Reflect  .   j - +0 helmet
rElec   .          Harm     .   (no cloak)
rCorr   .          Rampage  .   (no gloves)
Will    .....                   (no boots)
Stlth   ..........              (no amulet)
HPRegen 0.00/turn               (no ring)
MPRegen 0.13/turn               (no ring)

@: slightly contaminated, bloodless, inhibited regen
A: bloodless, fangs 3, see invisible, vampiric 2
a: Bat Form, Revivify, Renounce Religion, Minor Destruction


You were on level 5 of the Dungeon.
You worshipped Makhleb.
Makhleb was pleased with you.
You visited 1 branch of the dungeon, and saw 5 of its levels.

You collected 166 gold pieces.

Inventory:

Hand Weapons
 g - the +7 hunting sling "Zuryem" (weapon) {vorpal, Drain Str+4 Dex+3}
   (You found it on level 2 of the Dungeon)

   Any ammunition fired from it inflicts extra damage upon your enemies.
   Str:       It affects your strength (+4).
   Dex:       It affects your dexterity (+3).
   Drain:     It drains your maximum health when unequipped.
Missiles
 h - 31 sling bullets (quivered ammo)
Armour
 a - a +0 robe
 j - a +0 helmet (worn)
 l - the +0 crystal plate armour "Ehig" (worn) {rPois Stlth+}
   (You acquired it on level 3 of the Dungeon)

   rPois:     It protects you from poison.
   Stlth:     It makes you more stealthy.
Magical Staves
 b - a staff of death
Wands
 q - a wand of flame (26)
Scrolls
 e - 2 scrolls of vulnerability {unknown}
 f - a scroll of holy word {unknown}
 i - a scroll of noise {unknown}
 n - 2 scrolls of identify {unknown}
 o - a scroll of teleportation {unknown}
 p - a scroll of torment {unknown}
 s - a scroll of silence {unknown}
 t - a scroll of immolation {unknown}
Potions
 c - a potion of might {unknown}
 d - 2 potions of mutation {unknown}
 m - a potion of haste {unknown}


   Skills:
 - Level 1.5 Staves
 + Level 4.3 Slings
 + Level 1.1 Armour
 - Level 2.1 Dodging
 - Level 3.2 Stealth
 * Level 3.9 Spellcasting
 * Level 5.9 Necromancy


You had 12 spell levels left.
You knew the following spells:

 Your Spells              Type           Power      Damage    Failure   Level
a - Pain                  Necr           92%        1d8       100%        1

Your spell library contained the following spells:

 Spells                   Type           Power      Damage    Failure   Level
 Animate Skeleton         Necr           46%        N/A       100%        1
 Sting                    Tmut/Pois      12%        1d3       100%        1
 Ensorcelled Hibernation  Hex/Ice        6%         N/A       100%        2
 Poisonous Vapours        Pois/Air       6%         N/A       100%        2
 Vampiric Draining        Necr           23%        2d7       100%        3
 Animate Dead             Necr           11%        N/A       100%        4
 Olgreb's Toxic Radiance  Pois           3%         N/A       100%        4
 Agony                    Necr           23%        N/A       100%        5


Dungeon Overview and Level Annotations

Branches:
Dungeon (5/15)             Temple (0/1) D:4

Altars:
Gozag
Makhleb
Zin


Innate Abilities, Weirdness & Mutations

You do not regenerate when monsters are visible.
You are frail without blood (-20% HP).
You can heal yourself when you bite living creatures.
You are immune to poison.
You have razor-sharp teeth.
You have supernaturally acute eyesight. (SInv)
You are afflicted with vampirism and can become a bat while bloodless.


Message History

Makhleb accepts your kill.
You feel better.
You shoot a sling bullet. The sling bullet hits the ogre.
The ogre is almost dead.
The ogre hits you with a +0 giant club!
You shoot a sling bullet.
The sling bullet barely misses the ogre.
The sling bullet hits the orc.
The orc is moderately wounded.
The ogre hits you with a +0 giant club!
* * * LOW HITPOINT WARNING * * *
You are too injured to fight recklessly!
Unknown command.
It was a potion of ambrosia.
You are confused.
You feel invigorated. The ogre hits you with a +0 giant club.
* * * LOW HITPOINT WARNING * * *
It was a potion of curing.
You feel better.
You feel less invigorated.
You feel better. The ogre hits you with a +0 giant club!
You are too injured to fight recklessly!
You are too injured to fight recklessly!
Fire: 33 sling bullets
Press: ? - help, Q - select action, (/) - cycle Shift-Dir - straight line, f/p - ogre
Aim: an ogre, wielding a +0 giant club (almost dead, 81% to hit)
You shoot a sling bullet.
The sling bullet closely misses the ogre.
The sling bullet hits the orc.
You kill the orc!
Makhleb accepts your kill.
You feel better. The ogre hits you with a +0 giant club.
Fire: 32 sling bullets
Press: ? - help, Q - select action, (/) - cycle Shift-Dir - straight line, f/p - ogre
Aim: an ogre, wielding a +0 giant club (almost dead, 81% to hit)
You shoot a sling bullet.
The sling bullet completely misses the ogre.
The sling bullet hits the orc.
The orc is severely wounded.
The ogre hits you with a +0 giant club!
You die...

#.......).. #(.
#.#.####### .(.
#.#.########
#(#
#.#.........
.g.
#.##########
#Y# #.# #o# #.#
#O# #.#######
#@# #.......#
#.# #######.#
#.###########.#
#.............#
#.#############
###


You could see a sky beast (invisible), an ogre, a gnoll shaman and an orc.

Vanquished Creatures
  An ice beast (D:4)
  A phantom (D:5)
  A hound (D:5)
  2 orc priests (D:5)
  2 jellies
  Jessica (D:3)
  2 iguanas (D:4)
  4 orc wizards
  Terence (D:3)
  A hound skeleton (D:4)
  5 adders
  3 gnolls (D:5)
  A white imp (D:5)
  2 worms (D:2)
  10 orcs
  9 endoplasms
  3 giant cockroaches
  6 goblins
  9 hobgoblins
  3 quokkas
  3 ball pythons
  3 bats
  2 frilled lizards (D:1)
  2 kobolds
  3 rats
80 creatures vanquished.

Vanquished Creatures (others)
  A plant (D:4)
1 creature vanquished.

Grand Total: 81 creatures vanquished

Notes
Turn   | Place    | Note
-------+----------+-------------------------------------------
     0 | D:1      | innerfire433 the Vampire Necromancer began the quest for
                  | the Orb.
     0 | D:1      | Reached XP level 1. HP: 13/13 MP: 3/3
   145 | D:1      | Identified a scroll of acquirement
   145 | D:1      | Acquired a staff of death
   588 | D:1      | Reached XP level 2. HP: 15/15 MP: 1/5
  1030 | D:1      | Found a faded altar of an unknown god.
  1055 | D:1      | Prayed at the altar of an unknown god.
  1055 | D:1      | Became a worshipper of Makhleb the Destroyer
  1055 | D:1      | Reached * piety under Makhleb
  1351 | D:2      | Identified the +7 hunting sling "Zuryem" {vorpal, Drain
                  | Str+4 Dex+3}
  1592 | D:2      | Gained mutation: You are afflicted with vampirism and can
                  | become a bat while bloodless. [Vampire growth]
  1592 | D:2      | Reached XP level 3. HP: 17/19 MP: 6/6
  1598 | D:2      | Reached skill level 5 in Necromancy
  2263 | D:3      | Reached skill level 1 in Staves
  2292 | D:3      | Reached XP level 4. HP: 24/24 MP: 8/8
  2472 | D:3      | Reached ** piety under Makhleb
  2473 | D:3      | Reached skill level 1 in Slings
  2629 | D:3      | Noticed Jessica
  2629 | D:3      | Noticed Terence
  2636 | D:3      | Killed Jessica
  2637 | D:3      | Reached XP level 5. HP: 22/28 MP: 9/9
  2639 | D:3      | Killed Terence
  2776 | D:3      | Got Jessica's Volume of the Oath
  2785 | D:3      | Acquired the +0 crystal plate armour "Ehig" {rPois Stlth+}
  3056 | D:4      | Found a staircase to the Ecumenical Temple.
  3074 | D:4      | Noticed an ice beast
  3078 | D:4      | Killed an ice beast
  3079 | D:4      | Reached XP level 6. HP: 32/32 MP: 9/11
  3954 | D:5      | Entered Level 5 of the Dungeon
  4159 | D:5      | Found an opulent altar of Gozag.
  4341 | D:5      | Reached XP level 7. HP: 36/36 MP: 12/12
  4494 | D:5      | Reached skill level 1 in Armour
  4510 | D:5      | Slain by an ogre

Illustrated notes

Levels and vault maps discovered:
D:1:      mrwooster_arrival_statue, layout_basic,
          shapermc_ecumenical_altar_mp_ritualfount
D:2:      layout_basic
D:3:      layout_rooms, kennysheep_jessica_study, uniq_terence
D:4:      layout_layer_cave, minmay_temple_entry_overgrown
D:5:      layout_basic, grunt_temple_overflow_gold_and_silver, uniq_sigmund

Skill      XL: |  1  2  3  4  5  6  7 |
---------------+----------------------+-----
Necromancy     | 5 |  5.9
Staves         | 1 |  1.5
Spellcasting   | 3 |  3.9
Slings         | 1 3 4 |  4.3
Armour         | 1 |  1.1
Dodging        | |  2.1
Stealth        | |  3.2

Action                   |  1- 3 |  4- 6 |  7- 9 || total
-------------------------+-------+-------+-------++-------
Melee: Staff             |    12 |       |       ||    12
       Unarmed           |     7 |       |       ||     7
       Bite              |     3 |       |       ||     3
       Punch             |     1 |       |       ||     1
 Fire: Hunting sling     |    29 |    75 |    30 ||   134
 Cast: Pain              |    24 |     5 |       ||    29
 Abil: Exsanguinate      |     1 |       |       ||     1
  Use: Scroll            |     1 |     1 |       ||     2
       Potion            |       |       |     3 ||     3
Armor: Robe              |     4 |       |       ||     4
       Crystal plate arm |       |     9 |    17 ||    26
Dodge: Dodged            |    23 |     1 |     1 ||    25

Table legend: (Time is in decaauts)
 A = Elapsed time spent in this place.
 B = Non-inter-level travel time spent in this place.
 C = Inter-level travel time spent in this place.
 D = Time resting spent in this place.
 E = Time spent auto-exploring this place.
 F = Levels seen in this place.
 G = Mean time per level.
                   A        B        C        D        E       F      G
               +--------+--------+--------+--------+--------+-----+--------+
         Total |   4522 |   4394 |    128 |      0 |   3898 |   5 |  904.4 |
       Dungeon |   4522 |   4394 |    128 |      0 |   3898 |   5 |  904.4 |
               +--------+--------+--------+--------+--------+-----+--------+

Top non-repeatable levels by time:
     D:1: 1216 daAuts
     D:4: 1072 daAuts
     D:2: 1036 daAuts
     D:3: 641 daAuts
     D:5: 555 daAuts
